 Dungeon Crawl Stone Soup version 0.21.0 (webtiles) character file.

34592 BonjourVileCrotch the Severer (level 13, -12/171 HPs)
             Began as a Minotaur Fighter on Jan 7, 2018.
             Was the Champion of Uskayaw.
             Mangled by a crocodile (13 damage)
             ... on level 4 of the Lair of Beasts.
             The game lasted 00:51:15 (15879 turns).

BonjourVileCrotch the Severer (Minotaur Fighter)   Turns: 15879, Time: 00:51:15

Health: -12/171    AC: 20    Str: 35    XL:     13   Next: 43%
Magic:  18/18      EV: 10    Int:  8    God:    Uskayaw [******]
Gold:   802        SH:  0    Dex: 11    Spells: 12/12 levels left

rFire    . . .     SeeInvis .   a - +0 war axe
rCold    . . .     Gourm    .   (no shield)
rNeg     . . .     Faith    +   M - +0 plate armour
rPois    .         Spirit   .   m - +0 hat {Int+3}
rElec    .         Reflect  .   (no cloak)
rCorr    .         Harm     .   c - +1 pair of gloves
MR       +....                  R - +2 pair of boots
Stlth    ..........             E - amulet of faith
HPRegen  0.38/turn              Q - ring of protection from magic
MPRegen  0.16/turn              u - +5 ring of strength

@: berserking, lethally poisoned (-12 -> -13), very quick
A: retaliatory headbutt, horns 2
a: Stomp, Line Pass, Grand Finale, Renounce Religion


You were on level 4 of the Lair of Beasts.
You worshipped Uskayaw.
Uskayaw was aware of your devotion.
You were not hungry.

You visited 5 branches of the dungeon, and saw 16 of its levels.

You collected 802 gold pieces.

Inventory:

Hand Weapons
 a - a +0 war axe (weapon)
 b - a +2 flail of draining
 x - a +0 fustibalus
 K - a +1 morningstar of crushing
 W - a +0 spear of venom
Missiles
 n - 132 arrows
 o - 388 stones (quivered)
Armour
 c - a +1 pair of gloves (worn)
 m - a +0 hat of intelligence (worn)
 M - a +0 plate armour (worn)
 R - a +2 pair of boots (worn)
Jewellery
 u - a +5 ring of strength (right hand)
 C - an uncursed ring of protection from cold
 E - an amulet of faith (around neck)
 Q - a ring of protection from magic (left hand)
 U - an uncursed ring of see invisible
 Z - an uncursed ring of flight {unknown}
Wands
 y - a wand of polymorph (19)
 A - a wand of random effects (52)
 G - a wand of disintegration (11)
 O - a wand of acid (3)
 V - a wand of paralysis (17)
 Y - a wand of enslavement (15)
Scrolls
 e - 12 scrolls of remove curse
 g - 6 scrolls of teleportation
 p - 4 scrolls of enchant armour {unknown}
 r - 2 scrolls of blinking
 t - 5 scrolls of identify
 v - 4 scrolls of immolation
 w - 3 scrolls of fear
 D - a scroll of noise {unknown}
 H - 2 scrolls of magic mapping
 N - 3 scrolls of fog {unknown}
 P - 2 scrolls of amnesia
 X - 2 scrolls of random uselessness {unknown}
Potions
 d - a potion of might
 h - a potion of magic {unknown}
 i - a potion of lignification
 j - 6 potions of curing
 k - 2 potions of berserk rage
 l - 5 potions of brilliance
 q - 3 potions of cancellation
 s - 2 potions of mutation {unknown}
 z - 2 potions of agility
 B - 3 potions of flight
 F - 6 potions of degeneration {unknown}
 I - a potion of heal wounds {unknown}
 J - a potion of resistance {unknown}
 L - a potion of ambrosia {unknown}
 S - a potion of haste {unknown}
Comestibles
 f - 19 rations
 T - 2 chunks of flesh


   Skills:
 + Level 10.3 Fighting
 * Level 19.5 Axes
 - Level 10.0 Armour
 - Level 5.0 Dodging
   Level 3.6 Shields
 - Level 8.0 Invocations
 - Level 3.1 Evocations


You had 12 spell levels left.
You didn't know any spells.

Dungeon Overview and Level Annotations

Branches:
Dungeon (9/15)             Temple (1/1) D:4            Lair (4/6) D:8
  Swamp (1/4) Lair:3       Spider (1/4) Lair:2
    Orc: D:9-12

Altars:
Ashenzari
Cheibriados
Dithmenos
Elyvilon
Fedhas
Gozag
Hepliaklqana
Kikubaaqudgha
Makhleb
Nemelex Xobeh
Okawaru
Qazlal
Ru
Sif Muna
Trog
Uskayaw
Vehumet
Wu Jian
Xom
Yredelemnul
Zin
The Shining One

Shops:
D:5 [   D:8 (

Annotations:
D:7 2 transporters


Innate Abilities, Weirdness & Mutations

You reflexively headbutt those who attack you in melee.
You have a pair of horns on your head.


Message History

* * * LOW HITPOINT WARNING * * *
You slash the elephant!
The elephant is heavily wounded.
You slice the blink frog!!
You kill the blink frog!
You slice the blink frog!!
You kill the blink frog!
You slice the crocodile!! The elephant closely misses you. x2
You closely miss the crocodile.
The crocodile is severely wounded.
You slash the elephant!
You feel sick. The crocodile bites you!
* * * LOW HITPOINT WARNING * * *
You slash the elephant! You headbutt the elephant!
You kill the elephant!
You slash the crocodile! x2
You kill the crocodile!
You barely miss the crocodile.
The crocodile is almost dead.
The crocodile bites you!
You die...

.. ########
...##.#....# #
...Y.......####.>
.................
.................
........t........
...†....†@.......
#...>.†>†F.......
P.....†<.........
######.###..#####
#.# ### ##


You could see an elephant, a blink frog and a crocodile.

Vanquished Creatures
  Kirke (Lair:4)
  4 hydras
  Erica (D:9)
  8 death yaks
  2 two-headed ogres
  4 elephants
  3 black mambas (Lair:2)
  Joseph (D:7)
  8 spiny frogs
  A gargoyle (D:7)
  6 komodo dragons
  2 trolls (D:9)
  Prince Ribbit (Lair:2)
  22 blink frogs
  Grinder (D:6)
  3 hippogriffs
  Sigmund (D:5)
  Eustachio (D:6)
  22 yaks
  2 hogs
  Grum (D:9)
  Menkaure (D:7)
  6 swamp worms (Lair:3)
  Duvessa (D:7)
  6 water moccasins
  4 orc warriors
  3 porcupines
  An ice beast (D:6)
  3 sky beasts
  4 black bears
  2 ogres
  2 phantoms
  13 wolves
  2 centaurs (D:8)
  8 crocodiles
  2 big kobolds (D:7)
  6 bullfrogs
  Blork the orc (D:5)
  A wyvern zombie (D:6)
  2 gnoll sergeants
  Dowan (D:7)
  2 scorpions
  The ghost of Cappuchettey the Ruffian, a weakling DrTm of the Shining One (D:3)
  5 crimson imps
  A centaur zombie (D:7)
  4 hounds
  A centaur skeleton (D:8)
  10 orc priests
  A jelly (Lair:3)
  6 orc wizards
  3 iguanas
  8 worker ants
  2 killer bee zombies
  3 hound zombies
  A hound skeleton (D:7)
  A howler monkey zombie (D:8)
  13 gnolls
  A howler monkey skeleton (D:9)
  7 adders
  3 shadow imps
  2 adder zombies
  2 worms
  2 dart slugs
  7 leopard geckos
  39 orcs
  7 giant cockroaches
  15 goblins
  8 hobgoblins
  7 jackals
  18 kobolds
  2 quokkas
  A ball python (D:3)
  3 bats (D:1)
  6 frilled lizards
  2 jackal zombies
  A quokka zombie (D:5)
  7 rats
366 creatures vanquished.

Vanquished Creatures (others)
  A human (Lair:4)
  2 hogs (Lair:4)
  A bush (Lair:2)
  5 fungi
  5 plants
14 creatures vanquished.

Grand Total: 380 creatures vanquished

Notes
Turn   | Place    | Note
-------+----------+-------------------------------------------
     0 | D:1      | BonjourVileCrotch the Minotaur Fighter began the quest for the Orb.
     0 | D:1      | Reached XP level 1. HP: 19/19 MP: 0/0
   220 | D:1      | Reached skill level 3 in Axes
   220 | D:1      | Reached XP level 2. HP: 26/26 MP: 1/1
   794 | D:1      | Reached XP level 3. HP: 31/31 MP: 2/2
  1343 | D:2      | Found a shimmering altar of Xom.
  1385 | D:2      | Reached skill level 4 in Axes
  1392 | D:2      | Reached XP level 4. HP: 28/39 MP: 3/3
  1517 | D:2      | Reached skill level 5 in Armour
  1996 | D:3      | Found an opulent altar of Gozag.
  2110 | D:3      | Noticed Cappuchettey's ghost (weakling DrTm)
  2120 | D:3      | Killed Cappuchettey's ghost
  2120 | D:3      | Reached XP level 5. HP: 28/45 MP: 4/4
  2218 | D:3      | Reached skill level 5 in Axes
  2315 | D:3      | Found an iron altar of Okawaru.
  2654 | D:4      | Noticed a phantom
  2673 | D:4      | Killed a phantom
  2673 | D:4      | Reached XP level 6. HP: 42/51 MP: 5/5
  2728 | D:4      | Found a shattered altar of Ashenzari.
  2749 | D:4      | Reached skill level 6 in Axes
  3024 | D:4      | Found a staircase to the Ecumenical Temple.
  3030 | Temple   | Entered the Ecumenical Temple
  3053 | Temple   | Became a worshipper of Uskayaw the Reveler
  3078 | D:4      | Found a deep blue altar of Sif Muna.
  3127 | D:4      | Reached * piety under Uskayaw
  3345 | D:4      | Found a white marble altar of Elyvilon.
  3458 | D:5      | Entered Level 5 of the Dungeon
  3512 | D:5      | Reached ** piety under Uskayaw
  3546 | D:5      | Noticed Sigmund
  3559 | D:5      | Reached *** piety under Uskayaw
  3560 | D:5      | Killed Sigmund
  3560 | D:5      | Reached skill level 7 in Axes
  3560 | D:5      | Reached XP level 7. HP: 57/57 MP: 6/6
  3879 | D:5      | Noticed Blork the orc
  3882 | D:5      | Reached skill level 8 in Axes
  3885 | D:5      | Killed Blork the orc
  3909 | D:5      | Found a shadowy altar of Dithmenos.
  4004 | D:5      | Found Wapsog's Antique Armour Shoppe.
  4431 | D:6      | Reached skill level 9 in Axes
  4585 | D:6      | Noticed Eustachio
  4604 | D:6      | Reached skill level 1 in Invocations
  4610 | D:6      | Killed Eustachio
  4610 | D:6      | Reached XP level 8. HP: 57/64 MP: 6/8
  4648 | D:6      | Found a stormy altar of Qazlal.
  4650 | D:6      | Found a glowing golden altar of the Shining One.
  4678 | D:6      | Reached **** piety under Uskayaw
  4704 | D:6      | Reached skill level 10 in Axes
  4932 | D:6      | Found an ornate altar of the Wu Jian Council.
  5557 | D:6      | Found a snail-covered altar of Cheibriados.
  5625 | D:6      | Noticed Grinder
  5635 | D:6      | Killed Grinder
  5799 | D:6      | Reached skill level 11 in Axes
  5799 | D:6      | Reached skill level 5 in Invocations
  5828 | D:6      | Reached XP level 9. HP: 70/70 MP: 11/11
  5897 | D:7      | Found a transporter.
  5999 | D:7      | Noticed a two-headed ogre
  6005 | D:7      | Killed a two-headed ogre
  6005 | D:7      | Reached skill level 12 in Axes
  6109 | D:7      | Noticed Menkaure
  6113 | D:7      | Killed Menkaure
  6229 | D:7      | Noticed a gargoyle
  6236 | D:7      | Killed a gargoyle
  6517 | D:7      | Reached skill level 13 in Axes
  6522 | D:7      | Reached ***** piety under Uskayaw
  6643 | D:7      | Found a transporter.
  6657 | D:7      | Reached XP level 10. HP: 77/77 MP: 13/13
  6672 | D:7      | Noticed Dowan
  6673 | D:7      | Noticed Joseph
  6676 | D:7      | Killed Dowan
  6683 | D:7      | Killed Joseph
  7004 | D:7      | Noticed Duvessa
  7021 | D:7      | Killed Duvessa
  7293 | D:8      | Noticed a two-headed ogre
  7300 | D:8      | Killed a two-headed ogre
  7423 | D:8      | Reached skill level 14 in Axes
  7461 | D:8      | Found Heedips's Antique Weapon Boutique.
  7556 | D:8      | Reached skill level 10 in Armour
  7603 | D:8      | Found a staircase to the Lair.
  8173 | D:9      | Noticed Grum
  8184 | D:9      | Killed Grum
  8184 | D:9      | HP: 5/115 [wolf[Grum] (2)]
  8188 | D:9      | HP: 2/115 [orc priest/divine providence (10)]
  8201 | D:9      | Reached ****** piety under Uskayaw
  8572 | D:9      | Reached skill level 15 in Axes
  8615 | D:9      | Found a glowing silver altar of Zin.
  8625 | D:9      | Noticed Erica
  8631 | D:9      | Killed Erica
  8874 | D:9      | Reached XP level 11. HP: 72/82 MP: 14/14
  8907 | D:9      | Found a burning altar of Makhleb.
  8907 | D:9      | Noticed an Executioner
  9083 | D:9      | Reached skill level 16 in Axes
  9583 | Lair:1   | Entered Level 1 of the Lair of Beasts
 10550 | Lair:2   | Noticed a six-headed hydra
 10717 | Lair:2   | Reached skill level 1 in Dodging
 10729 | Lair:2   | Reached skill level 1 in Evocations
 11369 | Lair:2   | Reached skill level 5 in Fighting
 11437 | Lair:2   | Noticed a seven-headed hydra
 11447 | Lair:2   | Killed a seven-headed hydra
 11515 | Lair:1   | Killed a six-headed hydra
 12179 | Lair:2   | Reached XP level 12. HP: 77/95 MP: 16/16
 12216 | Lair:2   | Found a hole to the Spider Nest.
 12383 | Lair:2   | Noticed Prince Ribbit
 12383 | Lair:2   | Noticed a death yak
 12384 | Lair:2   | Noticed a death yak
 12385 | Lair:2   | Noticed a death yak
 12387 | Lair:2   | Noticed a death yak
 12390 | Lair:2   | Noticed a five-headed hydra
 12390 | Lair:2   | Reached skill level 5 in Dodging
 12390 | Lair:2   | Killed a death yak
 12390 | Lair:2   | Killed a death yak
 12390 | Lair:2   | Reached skill level 17 in Axes
 12392 | Lair:2   | Killed a death yak
 12392 | Lair:2   | Killed a death yak
 12787 | Lair:2   | Noticed an eight-headed hydra
 12796 | Lair:2   | Killed an eight-headed hydra
 12919 | Lair:2   | Killed Prince Ribbit
 13222 | Lair:2   | Killed a five-headed hydra
 13222 | Lair:2   | Reached skill level 18 in Axes
 14177 | Lair:3   | Found a staircase to the Swamp.
 14249 | Swamp:1  | Entered Level 1 of the Swamp
 14555 | Lair:3   | Noticed a death yak
 14572 | Lair:3   | Noticed a death yak
 14573 | Lair:3   | Noticed a death yak
 14584 | Lair:2   | Killed a death yak
 14764 | Lair:3   | Reached XP level 13. HP: 91/111 MP: 18/18
 15195 | Lair:3   | Reached skill level 19 in Axes
 15782 | Spider:1 | Entered Level 1 of the Spider Nest
 15832 | Lair:4   | Noticed Kirke
 15859 | Lair:4   | Killed Kirke
 15859 | Lair:4   | Reached skill level 10 in Fighting
 15877 | Lair:4   | HP: 1/169 [crocodile (8)]
 15879 | Lair:4   | Mangled by a crocodile

Skill      XL: |  1  2  3  4  5  6  7  8  9 10 11 12 13 |
---------------+----------------------------------------+-----
Armour         | 4 5 6 7 8 10 | 10.0
Axes           | 3 4 5 7 9 11 13 15 16 18 19 | 19.5
Invocations    | 2 5 6 7 8 |  8.0
Dodging        | 4 5 |  5.0
Fighting       | 5 9 10 | 10.3
Evocations     | 3 |  3.1
Shields        | |  3.6

Action                   |  1- 3 |  4- 6 |  7- 9 | 10-12 | 13-15 || total
-------------------------+-------+-------+-------+-------+-------++-------
Melee: War axe           |   123 |   103 |   224 |   467 |   101 ||  1018
       Headbutt          |     9 |    13 |    50 |   104 |    24 ||   200
       Flail             |       |       |       |    14 |       ||    14
 Fire: Fustibalus        |       |       |       |     7 |       ||     7
Throw: Stone             |       |       |     1 |     8 |       ||     9
Evoke: Wand              |       |       |     3 |    32 |     4 ||    39
  Use: Scroll            |       |       |     4 |    12 |       ||    16
       Potion            |       |       |     2 |     6 |     1 ||     9
 Stab: Paralysed         |       |     1 |    13 |    56 |    12 ||    82
  Eat: Chunk             |     2 |     5 |     8 |    18 |     4 ||    37
       Ration            |       |       |     1 |     2 |       ||     3
Armor: Scale mail        |    68 |    35 |     9 |       |       ||   112
       Chain mail        |       |       |    44 |       |       ||    44
       Skin              |       |       |     6 |    20 |       ||    26
       Plate armour      |       |       |    37 |   234 |    94 ||   365
Dodge: Dodged            |    64 |    51 |    77 |   192 |    58 ||   442
